 Dungeon Crawl Stone Soup version 0.19-a0-1851-g3228ea0 (webtiles) character file.

55 rvm the Sneak (level 3, 0/18 HPs)
             Began as a Vine Stalker Assassin on Oct 11, 2016.
             Slain by a goblin (2 damage)
             ... led by Robin
             ... on level 2 of the Dungeon.
             The game lasted 00:02:46 (798 turns).

rvm the Sneak (Vine Stalker Assassin)                Turns: 798, Time: 00:02:47

Health: 0/18       AC:  3    Str: 13    XL:     3   Next: 93%
Magic:  0/4        EV: 11    Int: 11    God:
Gold:   13         SH:  4    Dex: 16    Spells: 0 memorised, 2 levels left

rFire  . . .     SeeInvis .     a - +2 dagger
rCold  . . .     Gourm    .     c - +0 robe
rNeg   . . .     Faith    .     m - +0 buckler
rPois  .         Spirit   +     (no helmet)
rElec  .         Dismiss  .     d - +0 cloak
rCorr  .         Reflect  .     (no gloves)
MR     .....     Harm     .     (no boots)
Stlth  +++.......               (no amulet)
                                (no ring)
                                (no ring)

@: no status effects
A: fangs 2, magic shield, antimagic bite, no device heal 3, rot immunity
a: no special abilities


You were on level 2 of the Dungeon.
You were not hungry.

You visited 1 branch of the dungeon, and saw 2 of its levels.

You collected 13 gold pieces.

Inventory:

Hand Weapons
 a - a +2 dagger (weapon)
 b - a +0 blowgun
Missiles
 e - 8 poisoned needles
 f - a curare-tipped needle
 j - 15 tomahawks (quivered)
 l - 28 stones
Armour
 c - a +0 robe (worn)
 d - a +0 cloak (worn)
 m - a +0 buckler (worn)
Scrolls
 i - 2 scrolls of identify {unknown}
 k - a scroll of amnesia {unknown}
 n - a scroll of remove curse {unknown}
Potions
 o - a potion of resistance {unknown}
 p - a potion of brilliance {unknown}
 q - 2 potions of curing {unknown}
Comestibles
 g - 2 bread rations


   Skills:
 - Level 2.0 Fighting
 * Level 2.6 Short Blades
 - Level 1.7 Throwing
 - Level 0.7 Dodging
 + Level 5.4 Stealth
 + Level 1.2 Shields


You had 2 spell levels left.
You didn't know any spells.

Dungeon Overview and Level Annotations

Branches:
Dungeon (2/15)

Altars:


Innate Abilities, Weirdness & Mutations

You have extremely sharp teeth.
When hurt, damage is shared between your health and your magic reserves.
Your bite disrupts and absorbs the magic of your enemies.
Potions and wands cannot restore your health.
You are immune to rotting.


Message History

You are too injured to fight recklessly!
You are too injured to fight recklessly!
You are too injured to fight recklessly!
You are too injured to fight recklessly!
You are too injured to fight recklessly!
You are too injured to fight recklessly!
You barely miss Robin.
Robin is almost dead.
You barely miss Robin. You bite Robin, but do no damage.
Robin is almost dead.
Robin throws the goblin at you!
You hit Robin.
You kill Robin!
The goblin hits you.
* * * LOW HITPOINT WARNING * * *
You hit the hobgoblin.
The hobgoblin is lightly wounded.
The hobgoblin hits you but does no damage.
The goblin hits you.
You die...

## #. ######### ###.g
#.......# ..g..
#.......# #>g..
#.......#
.gg.##)......#
.#####(........#
...g.....>.....#######
####..##.....<.g@g...#
#......#.########.##
#...#....# #
#...#_#..##
#..#..#..## .$ #.....#
..##..## #. ##.


You could see a hobgoblin and a goblin.

Vanquished Creatures
  Robin (D:2)
  A dart slug (D:1)
  5 bats
  11 goblins
  2 hobgoblins (D:2)
  6 jackals (D:1)
  3 kobolds (D:1)
  2 ball pythons (D:1)
  A frilled lizard (D:1)
  6 rats (D:1)
38 creatures vanquished.

Notes
Turn   | Place    | Note
-------+----------+-------------------------------------------
     0 | D:1      | rvm the Vine Stalker Assassin began the quest for the Orb.
     0 | D:1      | Reached XP level 1. HP: 11/11 MP: 2/2
    76 | D:1      | Reached skill level 5 in Stealth
    99 | D:1      | Reached XP level 2. HP: 15/15 MP: 3/3
   405 | D:1      | Reached skill level 1 in Shields
   405 | D:1      | Reached XP level 3. HP: 17/18 MP: 4/4
   738 | D:2      | Found a faded altar of an unknown god.
   779 | D:2      | Noticed Robin
   797 | D:2      | Killed Robin
   798 | D:2      | Slain by a goblin

Vault maps used:
D:1:      dpeg_arrival_pits
D:2:      ecumenical_altar_1, uniq_robin

Skill      XL: |  1  2 |
---------------+-------+-----
Short Blades   | 2 |  2.6
Stealth        | 5 |  5.4
Fighting       | 2 |  2.0
Shields        | 1 |  1.2
Throwing       | |  1.7
Dodging        | |  0.7

Action                   || total
-------------------------++-------
Melee: Dagger            ||    92
       Bite              ||    18
 Fire: Blowgun           ||     1
 Stab: Sleeping          ||    10
       Distracted        ||     1
Armor: Robe              ||    24
Dodge: Dodged            ||    50
Block: Buckler           ||    15
